 Dungeon Crawl Stone Soup version 0.19.1-1-g22dce08 (webtiles) character file.

89126 esteth the Impaler (level 15, 0/119 HPs)
             Began as a Merfolk Skald on Jan 9, 2017.
             Was an Elder of Nemelex Xobeh.
             Killed from afar by a shock serpent (22 damage)
             ... with a bolt of electricity
             ... on level 3 of the Snake Pit.
             The game lasted 01:44:47 (24908 turns).

esteth the Impaler (Merfolk Skald)                 Turns: 24908, Time: 01:44:48

Health: 0/119      AC: 17    Str: 22    XL:     15   Next: 96%
Magic:  19/23      EV: 19    Int: 16    God:    Nemelex Xobeh [****..]
Gold:   470        SH:  9    Dex: 17    Spells: 4 memorised, 9 levels left

rFire  . . .     SeeInvis .     H - +8 trident "Ekatwic" {flame, MR+}
rCold  . . .     Gourm    +     r - +5 ring mail
rNeg   . . .     Faith    .     p - +3 buckler
rPois  +         Spirit   .     x - +2 helmet
rElec  .         Reflect  .     (no cloak)
rCorr  .         Harm     .     (no gloves)
MR     ++...                    a - +0 pair of boots
Stlth  +.........               Z - amulet of Tender Moments {Gourm Fragile Str+7}
                                U - ring of poison resistance
                                y - +2 ring of strength

@: no status effects
A: change form in water, swift swim, stealthy swim, slimy green scales 1, blink,
clever 1
a: Blink, Triple Draw, Deal Four, Renounce Religion


You were on level 3 of the Snake Pit.
You worshipped Nemelex Xobeh.
Nemelex Xobeh was greatly pleased with you.
You were very full.

You visited 4 branches of the dungeon, and saw 20 of its levels.
You also visited: Ice Cave.

You collected 1170 gold pieces.
You spent 700 gold pieces at shops.

Inventory:

Hand Weapons
 H - the +8 trident "Ekatwic" (weapon) {flame, MR+}
   (You found it on level 6 of the Lair of Beasts)

   It has been specially enchanted to burn those struck by it, causing extra
   injury to most foes and up to half again as much damage against particularly
   susceptible opponents.
   It affects your resistance to hostile enchantments.
Armour
 a - a +0 pair of boots (worn)
 p - a +3 buckler (worn)
 r - a +5 ring mail (worn)
 x - a +2 helmet (worn)
Jewellery
 y - a +2 ring of strength (left hand)
 E - an uncursed amulet of regeneration
 J - an uncursed ring of protection from magic
 U - a ring of poison resistance (right hand)
 Y - an uncursed ring of fire
 Z - the amulet of Tender Moments (around neck) {Gourm Fragile Str+7}
   (You found it on level 1 of the Lair of Beasts)

   [amulet of the gourmand]

   It allows you to eat raw meat even when not hungry.
   It affects your strength (+7).
   It will be destroyed if unequipped.
Wands
 R - a wand of disintegration (10/24)
Scrolls
 d - a scroll of summoning
 g - 3 scrolls of amnesia
 l - 8 scrolls of remove curse
 q - a scroll of magic mapping
 s - 8 scrolls of teleportation
 t - 3 scrolls of recharging
 v - 5 scrolls of identify
 w - a scroll of fog
 A - 3 scrolls of brand weapon {unknown}
 C - a scroll of enchant armour
 N - a scroll of silence {unknown}
 Q - 2 scrolls of fear
Potions
 h - 2 potions of ambrosia {unknown}
 k - 2 potions of agility
 o - a potion of flight
 u - a potion of berserk rage
 F - a potion of cure mutation
 I - 2 potions of mutation
 P - a potion of might {unknown}
 V - 2 potions of brilliance
Books
 c - a book of Battle

   Spells                             Type                      Level
   a - Infusion                       Charms                       1
   b - Shroud of Golubria             Charms/Translocation         2
   c - Song of Slaying                Charms                       2
   d - Spectral Weapon                Hexes/Charms                 3
   e - Regeneration                   Charms/Necromancy            3
 B - a book of Callings

   Spells                             Type                      Level
   a - Summon Small Mammal            Summoning                    1
   b - Call Imp                       Summoning                    2
   c - Call Canine Familiar           Summoning                    3
   d - Summon Guardian Golem          Hexes/Summoning              3
   e - Summon Lightning Spire         Summoning/Air                4
   f - Summon Ice Beast               Ice/Summoning                4
 G - a book of Misfortune

   Spells                             Type                      Level
   a - Confusing Touch                Hexes                        1
   b - Confuse                        Hexes                        3
   c - Gell's Gravitas                Hexes/Translocation          3
   d - Petrify                        Transmutation/Earth          4
   e - Metabolic Englaciation         Hexes/Ice                    5
   f - Yara's Violent Unravelling     Hexes/Transmutation          5
 L - a book of Geomancy

   Spells                             Type                      Level
   a - Sandblast                      Earth                        1
   b - Passwall                       Transmutation/Earth          2
   c - Stone Arrow                    Conjuration/Earth            3
   d - Petrify                        Transmutation/Earth          4
   e - Lee's Rapid Deconstruction     Earth                        5
Miscellaneous
 b - a plain deck of destruction
 f - an ornate deck of destruction {drawn: 1}
 m - a legendary deck of destruction {drawn: 3}
 K - a plain deck of summoning {drawn: 4}
 W - a disc of storms
 X - a plain deck of escape {the Elixir, left: 4}
Comestibles
 i - 22 royal jellies
 j - 7 meat rations {@e2}
 n - 12 fruits
 z - 3 chunks of flesh {@w0}
 D - 10 bread rations {@e1}
 M - 4 beef jerkies
 T - 3 slices of pizza


   Skills:
 - Level 11.4 Fighting
 - Level 15.1 Polearms
 - Level 3.2 Armour
 - Level 11.6 Dodging
 - Level 5.2 Shields
 - Level 2.0 Spellcasting
 - Level 9.7 Hexes
 - Level 11.1 Charms
 + Level 10.1 Summonings
 - Level 11.9 Invocations


You had 9 spell levels left.
You knew the following spells:

 Your Spells              Type           Power        Failure   Level  Hunger
a - Infusion              Chrm           ####         1%          1    #......
b - Song of Slaying       Chrm           #####...     1%          2    ###....
c - Spectral Weapon       Hex/Chrm       ####....     1%          3    ###....
d - Summon Guardian Gole  Hex/Summ       ####....     1%          3    ###....


Dungeon Overview and Level Annotations

Branches:
Dungeon (10/15)            Temple (1/1) D:4            Lair (6/6) D:10
  Swamp (0/4) Lair:3        Snake (3/4) Lair:2        Slime (0/5) Lair:6
    Orc: D:9-12

Altars:
Ashenzari
Cheibriados
Dithmenos
Elyvilon
Fedhas
Gozag
Hepliaklqana
Kikubaaqudgha
Makhleb
Nemelex Xobeh
Okawaru
Qazlal
Ru
Sif Muna
Trog
Uskayaw
Vehumet
Xom
Yredelemnul
Zin
The Shining One

Shops:
D:4 [   D:10 !   Snake:1 *[

Annotations:
D:3 exclusion: player ghost, ponk's ghost, amateur OgFi
D:5 1 exclusion
D:8 exclusions: two-headed ogre and 1 more exclusion


Innate Abilities, Weirdness & Mutations

You revert to your normal form in water.
You are very nimble and swift while swimming.
You are very stealthy in the water. (Stealth+)
You are partially covered in slimy green scales. (AC +2)
You can translocate small distances at will.
Your mind is acute. (Int +2)


Message History

The naga sharpshooter is almost dead.
Your spectral weapon hits the naga sharpshooter.
Your spectral weapon burns the naga sharpshooter.
The naga sharpshooter mumbles some strange words.
The naga sharpshooter magically shoots a bolt.
The bolt hits you!
The naga sharpshooter constricts your guardian golem.
You puncture the naga sharpshooter! You burn the naga sharpshooter.
You kill the naga sharpshooter!
You swap places.
The shock serpent bites your guardian golem!
Your guardian golem explodes!
The fiery explosion engulfs the shock serpent.
The fiery explosion engulfs you!
* * * LOW HITPOINT WARNING * * *
The shock serpent is engulfed in roaring flames.
The shock serpent shoots out a bolt of lightning at you!
The bolt of electricity hits you!
You die...
Your body glows with a rainbow of weird colours and disappears.

##.## #.#..#
#....# ###
....# .##
###.####...#
#...#.....#...#
.....)...§§§.#
.......)<§§@#
#######(#S(§#
####..# #..#
..... .....).
......##
.#######


You could see a shock serpent and a friendly spectral trident "Ekatwic" {flame,
MR+}.

Vanquished Creatures
  6 hydras
  The ghost of Xiguana the Destroyer, a journeyman DgWz (Lair:3)
  5 naga warriors
  A merfolk avatar (Lair:6)
  A centaur warrior (D:9)
  6 anacondas
  A naga sharpshooter (Snake:3)
  Sonja (Lair:4)
  3 naga ritualists
  A sea snake (Lair:6)
  4 mana vipers
  3 harpies (Lair:6)
  A salamander (Snake:3)
  An oklob plant (Lair:5)
  2 manticores
  An ugly thing (IceCv)
  A cyclops (D:10)
  2 elephants (Lair:6)
  2 naga magi (Snake:1)
  18 black mambas
  13 komodo dragons
  9 spiny frogs
  8 rime drakes
  A queen bee (Lair:3)
  A troll (D:10)
  5 polar bears
  2 wind drakes (Lair:6)
  5 hornets
  15 blink frogs
  21 dream sheep
  11 hippogriffs
  Grinder (D:6)
  42 yaks
  6 wyverns
  Sigmund (D:7)
  2 basilisks
  11 nagas
  2 soldier ants (D:8)
  15 water moccasins
  3 orc warriors
  12 porcupines
  2 black bears
  7 ice beasts
  2 sky beasts
  An eye of draining (D:9)
  3 ogres
  11 wolves
  4 centaurs
  4 phantoms
  16 crocodiles
  A big kobold (D:7)
  11 bullfrogs
  A scorpion (D:8)
  28 killer bees
  8 wights
  An electric eel (D:8)
  5 howler monkeys
  11 jellies
  4 orc priests
  2 bullfrog skeletons
  4 hounds (D:8)
  9 orc wizards
  8 iguanas
  9 worker ants
  6 hell rats (Lair:5)
  A worker ant zombie (D:9)
  Robin (D:3)
  4 gnolls (D:4)
  A howler monkey skeleton (D:7)
  3 river rats (D:10)
  10 adders
  14 oozes
  3 worms
  A dart slug (D:1)
  6 leopard geckos
  35 orcs
  3 ball pythons
  A giant cockroach (D:4)
  5 hobgoblins
  2 jackals (D:5)
  12 kobolds
  4 quokkas
  11 bats
  5 frilled lizards
  11 goblins
  A jackal skeleton (D:5)
  A quokka zombie (D:6)
  14 rats
554 creatures vanquished.

Vanquished Creatures (collateral kills)
  Rupert (Lair:4)
  A catoblepas (Snake:2)
  A shock serpent (Snake:2)
3 creatures vanquished.

Vanquished Creatures (others)
  17 fungi
  19 plants
  15 spectral weapons
51 creatures vanquished.

Grand Total: 608 creatures vanquished

Notes
Turn   | Place    | Note
-------+----------+-------------------------------------------
     0 | D:1      | esteth the Merfolk Skald began the quest for the Orb.
     0 | D:1      | Reached XP level 1. HP: 16/16 MP: 3/3
   635 | D:1      | Reached XP level 2. HP: 22/22 MP: 0/5
   639 | D:1      | Learned a level 2 spell: Song of Slaying
   930 | D:1      | Reached skill level 4 in Polearms
  1470 | D:2      | Reached XP level 3. HP: 27/27 MP: 6/6
  1802 | D:2      | Reached XP level 4. HP: 33/33 MP: 7/7
  2015 | D:2      | Reached skill level 5 in Polearms
  2209 | D:3      | Noticed Robin
  2215 | D:3      | Killed Robin
  2504 | D:3      | Noticed ponk's ghost (amateur OgFi)
  2525 | D:3      | Reached XP level 5. HP: 38/38 MP: 3/8
  2607 | D:4      | Reached skill level 5 in Charms
  2824 | D:4      | Noticed an ogre
  2866 | D:4      | Killed an ogre
  2866 | D:4      | Reached skill level 6 in Polearms
  2866 | D:4      | Reached XP level 6. HP: 17/44 MP: 9/9
  3064 | D:4      | Learned a level 3 spell: Spectral Weapon
  3108 | D:4      | Found Jauqiupn's Antique Armour Shop.
  3120 | D:4      | Reached skill level 7 in Polearms
  3132 | D:4      | Reached skill level 1 in Hexes
  3338 | D:4      | Found a staircase to the Ecumenical Temple.
  3352 | Temple   | Entered the Ecumenical Temple
  3601 | Temple   | Became a worshipper of Nemelex Xobeh the Trickster
  3773 | D:4      | Found a sacrificial altar of Ru.
  3786 | D:4      | Reached XP level 7. HP: 50/50 MP: 10/10
  3810 | D:4      | Received a gift from Nemelex Xobeh
  4136 | D:5      | Entered Level 5 of the Dungeon
  4205 | D:5      | Noticed Sigmund
  4861 | D:5      | Reached skill level 5 in Hexes
  4995 | D:5      | Reached XP level 8. HP: 46/56 MP: 11/11
  5846 | D:6      | Reached * piety under Nemelex Xobeh
  5905 | D:6      | Reached skill level 8 in Polearms
  5971 | D:6      | Noticed Grinder
  5990 | D:6      | Paralysed by Grinder for 6 turns
  5992 | D:6      | Killed Grinder
  5992 | D:6      | Reached skill level 9 in Polearms
  6256 | D:6      | Reached skill level 1 in Shields
  6476 | D:7      | Noticed a hippogriff
  6490 | D:6      | Killed a hippogriff
  6490 | D:6      | Reached XP level 9. HP: 38/61 MP: 4/12
  7064 | D:8      | Received a gift from Nemelex Xobeh
  7199 | D:8      | Reached skill level 5 in Shields
  7289 | D:8      | Noticed a two-headed ogre
  7359 | D:7      | Killed Sigmund
  7359 | D:7      | Reached skill level 1 in Invocations
  7485 | D:7      | Reached skill level 10 in Polearms
  7516 | D:7      | Found a glowing silver altar of Zin.
  7516 | D:7      | Found an iron altar of Okawaru.
  7518 | D:7      | Found a glowing golden altar of the Shining One.
  7522 | D:7      | Found a deep blue altar of Sif Muna.
  7522 | D:7      | Found a radiant altar of Vehumet.
  7522 | D:7      | Found an ancient bone altar of Kikubaaqudgha.
  7522 | D:7      | Found a hazy altar of Hepliaklqana.
  7523 | D:7      | Found a stormy altar of Qazlal.
  7525 | D:7      | Found a blossoming altar of Fedhas.
  7527 | D:7      | Found a white marble altar of Elyvilon.
  7608 | D:7      | Reached ** piety under Nemelex Xobeh
  8279 | D:8      | Reached skill level 11 in Polearms
  8383 | D:8      | Found a hide-covered altar of Uskayaw.
  8560 | D:8      | Noticed a hornet
  8568 | D:8      | Killed a hornet
  8568 | D:8      | Reached skill level 5 in Invocations
  8568 | D:8      | Reached XP level 10. HP: 38/67 MP: 10/13
  8576 | D:8      | Reached skill level 12 in Polearms
  8771 | D:9      | Noticed a manticore
  8790 | D:9      | Killed a manticore
  8886 | D:9      | Received a gift from Nemelex Xobeh
  9060 | D:9      | Reached *** piety under Nemelex Xobeh
  9188 | D:9      | Reached skill level 13 in Polearms
  9513 | D:9      | Noticed a centaur warrior
  9525 | D:9      | Reached skill level 14 in Polearms
  9539 | D:9      | Killed a centaur warrior
  9873 | D:10     | Entered Level 10 of the Dungeon
  9873 | D:10     | Found Ocaon's Distillery.
  9886 | D:10     | Reached skill level 15 in Polearms
 10072 | D:10     | Noticed a cyclops
 10441 | D:10     | Reached skill level 5 in Dodging
 10455 | D:10     | Reached XP level 11. HP: 46/72 MP: 14/14
 10536 | D:10     | Found a staircase to the Lair.
 10553 | Lair:1   | Entered Level 1 of the Lair of Beasts
 10654 | Lair:1   | Received a gift from Nemelex Xobeh
 10779 | Lair:1   | Reached skill level 1 in Armour
 10874 | Lair:1   | Found a frozen archway.
 10886 | IceCv    | Entered an ice cave
 10886 | IceCv    | Reached **** piety under Nemelex Xobeh
 10886 | IceCv    | Noticed a white ugly thing
 10898 | IceCv    | Killed a white ugly thing
 11065 | IceCv    | Noticed a white ugly thing
 11147 | Lair:1   | Received a gift from Nemelex Xobeh
 11160 | Lair:1   | Got a faintly glowing copper amulet
 11161 | Lair:1   | Identified the amulet of Tender Moments {Gourm Fragile Str+7} (You found it on level 1 of the Lair of Beasts)
 11764 | Lair:1   | Reached skill level 5 in Fighting
 12330 | Lair:2   | Found a staircase to the Snake Pit.
 12836 | Lair:2   | Reached XP level 12. HP: 81/88 MP: 10/15
 12972 | Lair:2   | Received a gift from Nemelex Xobeh
 13534 | Lair:3   | Noticed Xiguana's ghost (journeyman DgWz)
 14382 | Lair:3   | Noticed a four-headed hydra
 14397 | Lair:3   | Killed a four-headed hydra
 14617 | Lair:3   | Noticed a seven-headed hydra
 14631 | Lair:3   | Killed a seven-headed hydra
 15148 | Lair:3   | Reached skill level 10 in Invocations
 15337 | Lair:3   | Received a gift from Nemelex Xobeh
 15343 | Lair:3   | Found a staircase to the Swamp.
 15470 | Lair:3   | Killed Xiguana's ghost
 15982 | Lair:3   | Reached XP level 13. HP: 93/93 MP: 0/21
 16329 | Lair:4   | Noticed Rupert
 16585 | Lair:4   | You fall through a shaft!
 16780 | Lair:4   | Noticed Sonja
 16796 | Lair:4   | Killed Sonja
 16985 | Lair:4   | Received a gift from Nemelex Xobeh
 17100 | Lair:4   | Killed Rupert
 17664 | D:10     | Bought a potion of experience for 700 gold pieces
 17664 | D:10     | Reached XP level 14. HP: 113/113 MP: 22/22
 18055 | Lair:5   | Received a gift from Nemelex Xobeh
 18078 | Lair:5   | Reached ***** piety under Nemelex Xobeh
 18372 | Lair:5   | Gained mutation: You are partially covered in slimy green scales. (AC +2) [potion of mutation]
 18372 | Lair:5   | Gained mutation: You can translocate small distances at will. [potion of mutation]
 18372 | Lair:5   | Gained mutation: Your mind is acute. (Int +2) [potion of mutation]
 19255 | Lair:5   | Received a gift from Nemelex Xobeh
 19870 | Lair:5   | Reached skill level 10 in Charms
 20054 | Lair:6   | Entered Level 6 of the Lair of Beasts
 20551 | Lair:6   | Received a gift from Nemelex Xobeh
 20667 | Lair:6   | Reached XP level 15. HP: 62/119 MP: 16/23
 20719 | Lair:6   | Reached skill level 10 in Dodging
 21260 | Lair:6   | Found a staircase to the Slime Pits.
 21801 | Lair:6   | Learned a level 3 spell: Summon Guardian Golem
 21857 | Lair:6   | Reached skill level 1 in Summonings
 22109 | Lair:6   | Got a faintly glowing trident
 22110 | Lair:6   | Identified the +8 trident "Ekatwic" {flame, MR+} (You found it on level 6 of the Lair of Beasts)
 22267 | Snake:1  | Entered Level 1 of the Snake Pit
 22267 | Snake:1  | Received a gift from Nemelex Xobeh
 22292 | Snake:1  | Found Ijiarocw's Armour Shop.
 22366 | Snake:1  | Reached skill level 5 in Summonings
 22653 | Snake:1  | Found Boumi's Assorted Antiques.
 22774 | Snake:1  | Found a stormy altar of Qazlal.
 23748 | Snake:2  | Received a gift from Nemelex Xobeh
 23918 | Snake:2  | Noticed a nagaraja
 23920 | Snake:2  | a nagaraja changed into a catoblepas
 24180 | Snake:2  | HP: 5/119 [anaconda (3)]
 24839 | Snake:3  | Reached skill level 10 in Summonings
 24908 | Snake:3  | Killed from afar by a shock serpent

Skill      XL: |  1  2  3  4  5  6  7  8  9 10 11 12 13 14 15 |
---------------+----------------------------------------------+-----
Polearms       | 4 5 6 7 9 11 15 | 15.1
Charms         | 4 5 7 9 11 | 11.1
Hexes          | 2 5 6 9 |  9.7
Shields        | 3 5 |  5.2
Invocations    | 5 11 | 11.9
Dodging        | 5 8 9 11 | 11.6
Fighting       | 6 11 | 11.4
Armour         | 3 |  3.2
Summonings     | 10 | 10.1
Spellcasting   | |  2.0

Action                   |  1- 3 |  4- 6 |  7- 9 | 10-12 | 13-15 || total
-------------------------+-------+-------+-------+-------+-------++-------
Melee: Spear             |   144 |   188 |   153 |       |       ||   485
       Tailslap          |       |     4 |       |       |     4 ||     8
       Trident           |       |       |   303 |   885 |   917 ||  2105
 Cast: Infusion          |     6 |     7 |    13 |    31 |    32 ||    89
       Song of Slaying   |       |     3 |       |     9 |     8 ||    20
       Spectral Weapon   |       |       |     2 |    12 |    40 ||    54
       Summon Guardian G |       |       |       |       |    12 ||    12
Invok: Stack Five        |       |       |       |       |     1 ||     1
       Deal Four         |       |       |       |       |     3 ||     3
Evoke: Deck              |       |       |     2 |     3 |     6 ||    11
  Use: Scroll            |     1 |     1 |    14 |    10 |     3 ||    29
       Potion            |       |     1 |       |     9 |    16 ||    26
 Stab: Distracted        |       |       |     2 |     3 |     4 ||     9
       Sleeping          |       |       |     1 |       |       ||     1
  Eat: Chunk             |     3 |     6 |     8 |    32 |    34 ||    83
       Bread ration      |       |       |     1 |       |       ||     1
       Royal jelly       |       |       |     2 |     2 |     1 ||     5
Armor: Leather armour    |    17 |       |       |       |       ||    17
       Ring mail         |    22 |    49 |   122 |   200 |   170 ||   563
Dodge: Dodged            |    65 |    50 |   131 |   366 |   441 ||  1053
Block: Buckler           |       |       |    43 |   187 |   241 ||   471
